Map: Efflorescence LE

Players

OpuS

  • Race: Protoss Protoss
  • Spawn Location: 9:00

Sketchaphone

  • Race: Zerg Zerg
  • Spawn Location: 6:00

shady - Winner!

  • Race: Protoss Protoss
  • Spawn Location: 3:00

INnoVation - Winner!

  • Race: Terran Terran
  • League: Diamond
  • Spawn Location: 12:00

VOD

Have the link to the VOD?

Description

Time

  • Played on: Jan. 22, 2019, 4:09 p.m.
  • Length: 14:19
Show
View Real Time Build Order
Export as new Build Order

OpuS Protoss 

Build Orders: Phoenix Opening, Mass Phoenix 

Get SALT Encoding   

  12  0:01  Probe  
  13  0:13  Probe  
  14  0:20  Pylon  
  14  0:26  Probe  
  15  0:38  Probe  
  15  0:39  Gateway  
  16  0:50  Probe  
  16  0:53  Assimilator  
  17  1:00  Probe  
  18  1:09  Probe  
  18  1:17  Probe  
  20  1:27  Cybernetics Core  
  20  1:28  Probe  
  21  1:37  Assimilator  
  21  1:39  Pylon  
  21  1:41  Probe  
  22  1:53  Probe  
  23  2:10  Nexus  
  23  2:15  Stalker  
  23  2:16  Warp Gate  
  25  2:27  Forge  
  24  2:39  Stargate  
  24  2:45  Probe  
  25  2:52  Stalker  
  27  2:59  Pylon  
  27  3:01  Probe  
  28  3:14  Probe  
  29  3:21  Photon Cannon  
  29  3:27  Phoenix  
  29  3:32  Probe  
  33  3:34  Probe  
  33  3:43  Pylon  
  33  3:52  Phoenix  
  33  3:53  Probe  
  36  4:01  Photon Cannon  
  36  4:07  Probe x2  
  38  4:16  Stargate  
  38  4:21  Phoenix  
  40  4:25  Probe  
  40  4:27  Probe  
  42  4:40  Stalker  
  42  4:41  Probe  
  42  4:42  Probe  
  46  4:49  Phoenix  
  48  4:54  Probe x2, Assimilator  
  48  4:58  Pylon  
  50  5:03  Phoenix  
  52  5:08  Probe  
  52  5:09  Probe  
  54  5:17  Phoenix  
  56  5:23  Stalker  
  58  5:33  Phoenix  
  58  5:35  Probe x2  
  60  5:38  Assimilator  
  60  5:40  Pylon  
  60  5:43  Pylon  
  60  5:47  Probe  
  61  5:50  Stalker  
  61  5:54  Phoenix  
  61  5:56  Probe  
  66  6:01  Probe  
  67  6:06  Phoenix  
  67  6:08  Probe  
  70  6:22  Phoenix  
  62  6:42  Phoenix  
  62  6:47  Phoenix  
  64  7:07  Nexus, Phoenix  
  66  7:10  Pylon  
  66  7:11  Void Ray  
  66  7:13  Pylon  
  70  7:17  Assimilator  
  70  7:21  Assimilator  
  70  7:25  Robotics Facility  
  70  7:27  Stargate  
  70  7:29  Stargate  
  70  7:39  Void Ray  
  70  7:43  Probe x2  
  76  7:51  Protoss Air Weapons Level 1  
  76  8:05  Twilight Council  
  76  8:14  Void Ray  
  76  8:19  Probe  
  81  8:24  Probe x2  
  81  8:28  Void Ray  
  81  8:31  Probe  
  86  8:34  Photon Cannon  
  86  8:36  Probe x2, Photon Cannon  
  86  8:39  Photon Cannon  
  88  8:42  Photon Cannon  
  88  8:45  Pylon  
  88  8:49  Void Ray  
  92  8:56  Probe  
  92  8:57  Probe x2  
  95  9:06  Void Ray  
  99  9:17  Void Ray  
  95  9:31  Void Ray  
  79  9:42  Void Ray  
  79  9:43  Probe x3  
  86  9:50  Cybernetics Core  
  86  10:03  Void Ray  
  86  10:07  Void Ray  
  94  10:22  Void Ray  
  94  10:27  Void Ray  
  82  10:38  Probe  
  82  10:39  Probe  
  77  10:54  Stargate x2  
  77  10:55  Void Ray x2  
  85  11:03  Photon Cannon  
  85  11:05  Void Ray  
  85  11:06  Photon Cannon  
  89  11:14  Void Ray  
  89  11:38  Void Ray x2  
  89  11:48  Void Ray  
  89  11:57  Void Ray  
  89  11:59  Void Ray  
  89  12:00  Void Ray  
  97  12:28  Observer  
  98  12:32  Void Ray  
  98  12:33  Void Ray  
  101  12:50  Observer  
  97  12:56  Fleet Beacon  
  97  13:11  Observer  
  98  13:14  Nexus  
  98  13:18  Assimilator  
  102  13:22  Assimilator  
  102  13:25  Pylon  
  82  13:27  Pylon  
  82  13:29  Pylon  
  82  13:31  Pylon  
  82  13:33  Pylon  
  66  13:36  Probe x3  
  69  13:41  Stalker  
  69  13:48  Probe  
  68  13:53  Probe x2  
  88  14:13  Assimilator  
Show
View Real Time Build Order
Export as new Build Order

Sketchaphone Zerg 

Build Orders: Hatch First, Lurkers 

Get SALT Encoding   

  12  0:01  Drone  
  13  0:13  Overlord  
  13  0:19  Drone  
  14  0:31  Drone x2  
  14  0:34  Drone  
  17  0:56  Drone  
  18  1:01  Hatchery, Extractor  
  16  1:14  Spawning Pool  
  16  1:17  Drone  
  16  1:22  Drone  
  17  1:26  Drone  
  18  1:37  Drone  
  19  1:42  Drone  
  20  1:50  Overlord  
  20  2:02  Queen  
  20  2:03  Metabolic Boost  
  22  2:14  Drone  
  22  2:15  Queen  
  25  2:25  Drone  
  25  2:28  Overlord  
  25  2:29  Drone  
  26  2:54  Queen  
  26  2:58  Drone x6  
  34  3:04  Spine Crawler  
  33  3:31  Drone x2  
  34  3:40  Queen  
  36  3:42  Drone  
  37  3:51  Drone x3  
  37  3:59  Spore Crawler  
  37  4:00  Overlord, Drone x2  
  38  4:11  Lair  
  38  4:25  Hatchery  
  38  4:27  Zergling x6  
  40  4:34  Overlord  
  40  4:35  Overlord  
  40  4:41  Drone  
  40  4:42  Drone x5  
  40  4:43  Drone x2  
  40  4:45  Extractor  
  47  4:46  Drone  
  47  4:51  Drone  
  49  4:57  Overlord  
  49  5:03  Evolution Chamber  
  49  5:04  Evolution Chamber  
  47  5:12  Overlord, Drone x3, Extractor  
  47  5:13  Drone x2  
  47  5:14  Extractor  
  50  5:16  Pneumatized Carapace  
  50  5:23  Spore Crawler  
  49  5:40  Zerg Missile Weapons Level 1  
  49  5:41  Zerg Ground Armor Level 1  
  49  5:43  Hydralisk Den  
  49  5:44  Drone x2  
  49  5:45  Drone x2  
  49  5:46  Drone x2  
  49  5:47  Overlord  
  54  6:04  Overlord x2  
  54  6:09  Drone  
  54  6:10  Drone  
  56  6:14  Drone x2  
  56  6:15  Infestation Pit, Drone x2  
  59  6:19  Grooved Spines, Hydralisk x2  
  59  6:20  Hydralisk  
  65  6:34  Drone x2  
  65  6:36  Drone x2  
  69  6:42  Hydralisk x4  
  78  6:54  Zergling x4  
  78  6:57  Drone x5  
  78  6:58  Drone  
  85  7:05  Hydralisk  
  85  7:08  Overlord, Hydralisk x2  
  89  7:56  Zerg Ground Armor Level 2  
  89  7:57  Zerg Missile Weapons Level 2  
  89  8:00  Lurker Den  
  88  8:06  Extractor x2  
  88  8:10  Muscular Augments  
  86  8:18  Overlord  
  86  8:19  Overlord  
  84  8:24  Overlord x2  
  83  8:28  Drone  
  83  8:29  Drone x4  
  83  8:32  Hydralisk x3  
  90  8:39  Spore Crawler  
  90  8:40  Drone x3  
  90  8:41  Overlord x2  
  92  8:44  Drone x3  
  92  8:46  Drone x2  
  97  8:50  Hydralisk x3  
  97  8:51  Hydralisk  
  105  9:00  Hydralisk x4  
  112  9:06  Roach Warren  
  112  9:08  Hive  
  111  9:10  Hydralisk x3  
  111  9:16  Drone x3  
  120  9:26  Spore Crawler  
  119  9:39  Hydralisk x4  
  119  9:54  Overlord  
  119  9:59  Lurker x4  
  123  10:02  Hatchery  
  111  10:07  Lurker x2  
  111  10:08  Lurker x2, Hydralisk x13  
  116  10:24  Hydralisk  
  116  10:25  Hydralisk x8  
  121  10:28  Hydralisk  
  121  10:35  Lurker x2  
  120  10:38  Lurker  
  110  11:07  Lurker, Hydralisk  
  110  11:08  Hydralisk  
  110  11:10  Overlord  
  110  11:11  Hydralisk  
  95  11:44  Hydralisk  
  95  11:45  Hydralisk x10  
  102  12:13  Spine Crawler  
  102  12:14  Spine Crawler  
  100  12:19  Lurker x3  
  100  12:20  Lurker  
  100  12:21  Hydralisk  
  98  12:23  Roach x2  
  98  12:24  Roach  
  98  12:28  Extractor  
  98  12:29  Extractor  
  69  13:03  Overseer  
  63  13:21  Hydralisk  
  63  13:22  Hydralisk x11  
  87  13:46  Hydralisk x4  
Show
View Real Time Build Order
Export as new Build Order

shady Protoss - Winner!

Build Orders: Oracle Opening, Phoenix Opening, Mass Phoenix 

Get SALT Encoding   

  12  0:02  Probe  
  13  0:14  Probe  
  14  0:18  Pylon  
  14  0:26  Probe  
  15  0:38  Gateway  
  15  0:39  Probe  
  16  0:51  Assimilator  
  16  0:52  Probe  
  17  0:59  Assimilator  
  17  1:04  Probe  
  18  1:16  Probe  
  19  1:26  Cybernetics Core  
  19  1:28  Probe  
  20  1:35  Pylon  
  20  1:40  Probe  
  21  1:52  Adept, Probe  
  22  2:06  Stargate  
  24  2:15  Warp Gate  
  24  2:29  Probe  
  25  2:36  Adept  
  27  2:42  Oracle  
  27  2:45  Probe  
  28  2:55  Nexus  
  31  2:58  Pylon  
  34  3:29  Probe  
  33  3:35  Phoenix  
  33  3:37  Probe  
  33  3:38  Stargate  
  32  3:47  Probe  
  33  3:50  Assimilator  
  34  3:56  Assimilator  
  34  3:59  Probe  
  34  4:01  Phoenix  
  37  4:04  Probe  
  37  4:06  Zealot  
  40  4:11  Probe  
  40  4:13  Probe  
  42  4:23  Probe  
  43  4:24  Phoenix  
  43  4:27  Sentry, Probe  
  48  4:37  Phoenix  
  50  4:46  Probe x2  
  50  4:48  Pylon  
  52  4:56  Pylon  
  52  4:58  Phoenix  
  52  5:05  Phoenix  
  56  5:16  Phoenix  
  56  5:23  Probe  
  59  5:36  Fleet Beacon  
  59  5:41  Stalker  
  61  5:47  Phoenix  
  61  5:48  Probe  
  64  5:54  Probe  
  65  6:00  Pylon  
  65  6:09  Phoenix  
  67  6:12  Phoenix  
  69  6:34  Phoenix  
  69  6:37  Phoenix  
  65  6:47  Anion Pulse-Crystals  
  65  6:58  Phoenix  
  65  6:59  Phoenix  
  65  7:00  Probe  
  67  7:04  Probe  
  71  7:08  Probe  
  69  7:16  Probe  
  69  7:17  Phoenix  
  70  7:24  Phoenix  
  70  7:28  Probe  
  75  7:30  Protoss Air Weapons Level 1  
  75  7:38  Nexus  
  75  7:41  Pylon  
  75  7:48  Phoenix  
  77  7:53  Probe  
  77  7:55  Pylon  
  77  7:58  Pylon  
  78  7:59  Phoenix  
  80  8:11  Probe  
  80  8:12  Probe  
  82  8:13  Phoenix  
  84  8:24  Tempest  
  89  8:31  Phoenix  
  85  8:34  Sentry  
  89  8:44  Stargate  
  89  8:50  Probe, Assimilator  
  89  8:51  Probe x2  
  89  8:53  Phoenix  
  89  8:54  Assimilator  
  94  9:03  Probe  
  94  9:05  Probe x2  
  94  9:07  Phoenix  
  99  9:15  Probe  
  101  9:17  Probe  
  101  9:18  Phoenix  
  101  9:19  Probe  
  104  9:27  Probe  
  103  9:32  Phoenix  
  101  9:40  Probe  
  101  9:41  Probe x2  
  104  9:51  Protoss Air Weapons Level 2  
  104  9:53  Probe x2  
  104  9:55  Twilight Council  
  104  9:56  Pylon  
  104  9:58  Pylon  
  105  10:03  Mothership  
  113  10:27  Nexus  
  113  10:29  Resonating Glaives  
  111  10:43  Gateway  
  111  10:45  Gateway  
  111  10:48  Gateway  
  111  10:50  Gateway  
  111  10:53  Tempest x2, Gateway  
  111  10:58  Forge, Gateway  
  111  11:00  Assimilator  
  111  11:03  Tempest  
  126  11:04  Assimilator  
  126  11:28  Protoss Shields Level 1  
  126  11:40  Pylon  
  126  11:43  Pylon  
  126  11:44  Tempest  
  126  11:45  Pylon  
  126  11:46  Pylon x3  
  126  11:47  Pylon  
  126  11:48  Pylon  
  126  11:49  Pylon  
  126  11:52  Tempest  
  126  11:54  Tempest  
  141  12:06  Adept x5  
  141  12:08  Adept  
  153  12:10  Adept  
  155  12:27  Adept x3  
  155  12:28  Adept x3  
  167  12:49  Adept x6  
  179  12:52  Adept  
  181  13:09  Templar Archives  
  177  13:47  Gateway  
  177  13:49  Gateway  
  177  13:50  Gateway  
  177  13:51  High Templar x5  
  177  13:52  High Templar x2  
  177  13:53  Gateway  
  177  13:55  Gateway  
  191  13:58  Archon x2  
  191  13:59  Archon  
Show
View Real Time Build Order
Export as new Build Order

INnoVation Terran - Winner!

Build Orders: Reaper Expand 

Get SALT Encoding   

  12  0:01  SCV  
  13  0:13  SCV  
  14  0:18  Supply Depot  
  14  0:25  SCV  
  15  0:40  SCV  
  15  0:42  Barracks  
  16  0:45  Refinery  
  16  0:52  SCV  
  17  1:04  SCV  
  18  1:16  SCV  
  19  1:30  Orbital Command  
  19  1:31  Reaper  
  20  1:44  Command Center  
  20  1:58  SCV  
  21  2:03  Marine  
  21  2:05  Supply Depot  
  22  2:10  Factory  
  22  2:20  SCV  
  23  2:32  SCV  
  23  2:35  Barracks Reactor  
  23  2:44  Refinery  
  23  2:52  SCV  
  24  3:01  Starport  
  24  3:04  SCV  
  25  3:16  SCV  
  26  3:23  Widow Mine x2  
  26  3:26  Barracks Tech Lab  
  30  3:29  SCV  
  31  3:41  SCV  
  32  3:42  Orbital Command  
  32  3:44  Widow Mine x2  
  36  4:06  Widow Mine x2, SCV  
  41  4:14  Raven  
  43  4:18  Refinery, SCV x2  
  43  4:19  Refinery  
  45  4:30  SCV  
  46  4:33  Supply Depot  
  46  4:38  Supply Depot  
  46  4:40  Command Center  
  46  4:43  Supply Depot  
  46  4:54  Hellion x2, SCV x2  
  46  4:55  Supply Depot  
  46  4:57  Raven  
  54  5:06  SCV x2  
  56  5:11  Barracks Tech Lab  
  56  5:16  Hellion x2  
  56  5:18  SCV x2, Supply Depot  
  62  5:30  SCV  
  62  5:31  SCV  
  64  5:37  Hellion x2, Factory  
  68  5:43  Barracks Tech Lab, SCV x2  
  68  5:47  Factory  
  70  5:50  Starport Tech Lab  
  70  5:55  Supply Depot, SCV  
  70  5:56  Orbital Command  
  71  5:58  SCV  
  71  5:59  Hellion x2  
  76  6:07  SCV  
  76  6:09  Armory x2  
  76  6:10  SCV  
  78  6:22  SCV x2  
  78  6:23  Engineering Bay, SCV  
  81  6:25  Supply Depot  
  81  6:28  Infernal Pre-Igniter  
  81  6:32  Mag-Field Accelerator  
  81  6:49  Factory  
  81  6:50  Factory  
  81  6:52  Cyclone  
  84  7:06  Terran Vehicle Weapons Level 1  
  84  7:08  Terran Vehicle And Ship Armor Level 1  
  84  7:14  Cyclone  
  87  7:23  Missile Turret  
  87  7:25  Missile Turret x2  
  87  7:26  Missile Turret  
  87  7:29  Orbital Command  
  87  7:35  Missile Turret  
  87  7:37  Missile Turret  
  87  7:38  Missile Turret  
  86  7:51  Missile Turret  
  86  7:52  Missile Turret  
  86  7:54  Cyclone x3  
  86  7:55  Cyclone  
  98  8:02  SCV x3  
  98  8:03  Missile Turret  
  101  8:08  Drilling Claws, Hellion  
  101  8:09  Smart Servos  
  103  8:14  SCV x3  
  103  8:15  Refinery  
  103  8:18  Refinery  
  106  8:26  Siege Tank, SCV  
  110  8:30  Siege Tank  
  113  8:36  SCV  
  113  8:37  SCV  
  113  8:38  SCV  
  116  8:52  Command Center  
  116  8:56  Hellion  
  117  9:04  Terran Vehicle Weapons Level 2  
  117  9:05  Supply Depot x2  
  117  9:06  Terran Vehicle And Ship Armor Level 2  
  117  9:07  Supply Depot x3  
  117  9:26  Hellion x2, Missile Turret x2, Siege Tank  
  117  9:27  Siege Tank x2  
  117  9:29  Missile Turret, Supply Depot  
  130  9:31  Supply Depot  
  130  9:40  SCV  
  130  9:45  Supply Depot  
  131  9:47  Supply Depot  
  131  9:48  Supply Depot  
  131  9:51  Supply Depot  
  131  9:52  Supply Depot  
  131  9:53  Thor  
  135  10:07  Siege Tank x2  
  135  10:08  Siege Tank  
  135  10:10  Supply Depot  
  134  10:35  Planetary Fortress  
  133  10:49  Thor  
  133  10:50  Thor x2  
  151  10:58  Siege Tank  
  154  11:10  Widow Mine  
  154  11:11  Widow Mine  
  142  11:30  Siege Tank  
  142  11:32  Widow Mine  
  127  11:41  Widow Mine x2  
  127  11:42  Widow Mine  
  125  11:59  Thor  
  131  12:02  Thor  
  132  12:09  Hellion x2  
  132  12:10  Hellion x2  
  122  12:24  SCV  
  122  12:25  SCV x3  
  126  12:31  Hellion x4  
  126  12:36  SCV  
  135  12:42  Hellion  
  137  12:45  Hellion  
  137  12:49  Refinery  
  122  12:51  Refinery  
  122  12:52  Hellion x2  
  122  12:53  Hellion x2  
  115  12:59  Factory  
  115  13:00  Factory  
  115  13:03  Factory  
  115  13:04  Cyclone, Factory  
  118  13:06  Cyclone  
  118  13:09  SCV x2  
  118  13:10  SCV x2  
  125  13:14  Cyclone x2  
  131  13:21  SCV  
  131  13:24  Widow Mine x2  
  136  13:36  Cyclone  
  136  13:39  Cyclone  
  142  13:43  Factory Tech Lab  
  142  13:44  Factory Tech Lab  
  142  13:46  Factory Tech Lab, Cyclone  
  142  13:48  Factory Reactor  
  146  13:57  SCV  
  146  13:58  SCV x3  
Tags
 
Add a new tag
Caveats
  • Supply blocks, unpowered buildings, or Contaminate may cause inaccurate times.
  • Supply counts are checked every 10 seconds.